 Dungeon Sprint DCSS version 0.30-a0-354-g6b83867211 (webtiles) character file.

Game seed: 13552059668247181394

27 rocky1 the Shield-Bearer (level 3, 0/31 HPs)
             Began as a Formicid Fighter on Nov 8, 2022.
             Was an Initiate of Okawaru.
             Slain by a jackal (2 damage)
             ... in the Dungeon (Sprint VII: "The Pits").
             The game lasted 00:01:01 (124 turns).

rocky1 the Shield-Bearer (Formicid Fighter)          Turns: 124, Time: 00:01:01

Health: 0/31       AC:  7    Str: 22    XL:     3   Next: 25%
Magic:  3/3        EV:  9    Int:  7    God:    Okawaru [......]
Gold:   0          SH:  5    Dex: 13    Spells: 2/2 levels left

rFire   . . .      SeeInvis +    a - +0 war axe
rCold   . . .      Faith    .    c - +0 buckler
rNeg    . . .      Spirit   .    b - +0 scale mail
rPois   .          Reflect  .    (helmet unavailable)
rElec   .          Harm     .    (no cloak)
rCorr   .          Rampage  .    (no gloves)
Will    .....                    (no boots)
Stlth   ..........               (no amulet)
HPRegen 0.25/turn                (no ring)
MPRegen 0.08/turn                (no ring)

@: invisible
A: permanent stasis, dig shafts and tunnels, antennae 3, four strong arms
a: Dig, Renounce Religion


You were in the Dungeon.
You worshipped Okawaru.
Okawaru was noncommittal.
You visited 1 branch

Inventory:

Hand Weapons
 a - a +0 war axe (weapon)
Armour
 b - a +0 scale mail (worn)
 c - a +0 buckler (worn)
Scrolls
 i - 5 scrolls of amnesia
Potions
 d - a potion of might
 g - 4 potions of magic
 h - a potion of invisibility


   Skills:
 + Level 4.7 Fighting
 + Level 2.7 Axes
 + Level 4.8 Armour
 + Level 0.1 Dodging
 + Level 0.3 Stealth
 + Level 5.7 Shields


You had 2 spell levels left.
You didn't know any spells.
Your spell library was empty.

Dungeon Overview and Level Annotations

Branches:
Dungeon (1/1)

Altars:
Ashenzari
Cheibriados
Dithmenos
Elyvilon
Fedhas
Gozag
Hepliaklqana
Kikubaaqudgha
Makhleb
Nemelex Xobeh
Okawaru
Qazlal
Ru
Sif Muna
Trog
Uskayaw
Vehumet
Wu Jian
Xom
Yredelemnul
Zin
The Shining One
Jiyva
Lugonu


Innate Abilities, Weirdness & Mutations

You cannot be hasted, slowed, berserked, paralysed or teleported.
You can dig through walls and to a lower floor.
You have a pair of large antennae on your head. (SInv)
Your four strong arms can wield two-handed weapons with a shield.


Message History

You hit the gnoll but do no damage. You block the gnoll's attack.
The gnoll barely misses you. The gnoll hits you but does no damage.
Unknown command.
The gnoll shouts!
The gnoll hits you with a +1 flail of protection.
* * * LOW HITPOINT WARNING * * *
There is an open door here.
You see here a jackal corpse.
Unknown command.
You slash the gnoll!
The gnoll is almost dead.
You hit the river rat. You slash the gnoll bouda! You barely miss the gnoll.
The gnoll hits you with a +0 club.
* * * LOW HITPOINT WARNING * * *
The gnoll closely misses you. You block the river rat's attack.
Unknown command.
Okay, then.
You hit the gnoll.
You kill the gnoll!
Okawaru accepts your kill.
You hit the gnoll bouda. You closely miss the gnoll. You slash the river rat!
You block the gnoll's attack.
The gnoll bouda hits you but does no damage.
The river rat barely misses you.
The jackal bites you but does no damage.
You have reached level 3!
Your experience leads to an increase in your attributes!
Increase (S)trength, (I)ntelligence, or (D)exterity?
You feel stronger. x2
Unknown command.
You are too injured to fight recklessly!
You closely miss the jackal. You slash the gnoll bouda!
You kill the gnoll bouda!
Okawaru accepts your kill.
You hit the gnoll. You hit the river rat but do no damage.
The jackal bites you.
* * * LOW HITPOINT WARNING * * *
The gnoll barely misses you. The river rat barely misses you.
The jackal closely misses you. The jackal bites you.
You die...

#.?(!')))'.##......#..#.
##########.##...........
#...........'...........
#+#####)#####......#..#.
#..)..##...........
#####'#####'#####++
#.....##.......#
#...g.##.......#
###@####.......#
#ghhr.##...<...#
....hS..##.......#
#.....g..##.......#
###########.......# { {
{{ ######### { {


You could see 3 gnolls, an adder (unable to see you), a river rat (unable to see
you) and 3 jackals.

Vanquished Creatures
  A gnoll bouda (D)
  A gnoll (D)
  A river rat (D)
  An endoplasm (D)
  3 jackals (D)
  2 kobolds (D)
9 creatures vanquished.

Notes
Turn   | Place    | Note
-------+----------+-------------------------------------------
     0 | D        | rocky1 the Formicid Fighter began the quest for the Orb.
     0 | D        | Reached XP level 1. HP: 18/18 MP: 1/1
    18 | D        | Found a bloodstained altar of Trog.
    18 | D        | Found a shimmering blue altar of Sif Muna.
    18 | D        | Found a viscous altar of Jiyva.
    18 | D        | Found a hazy altar of Hepliaklqana.
    18 | D        | Found an opulent altar of Gozag.
    19 | D        | Found a glowing golden altar of the Shining One.
    19 | D        | Found a glowing silver altar of Zin.
    19 | D        | Found a basalt altar of Yredelemnul.
    19 | D        | Found a shimmering altar of Xom.
    19 | D        | Found an ornate altar of the Wu Jian Council.
    19 | D        | Found a sacrificial altar of Ru.
    19 | D        | Found a stormy altar of Qazlal.
    19 | D        | Found an iron altar of Okawaru.
    19 | D        | Found a sparkling altar of Nemelex Xobeh.
    19 | D        | Found a burning altar of Makhleb.
    19 | D        | Found a blossoming altar of Fedhas.
    19 | D        | Found a white marble altar of Elyvilon.
    19 | D        | Found a shadowy altar of Dithmenos.
    19 | D        | Found a snail-covered altar of Cheibriados.
    21 | D        | Found a radiant altar of Vehumet.
    21 | D        | Found a corrupted altar of Lugonu.
    22 | D        | Found a hide-covered altar of Uskayaw.
    22 | D        | Found an ancient bone altar of Kikubaaqudgha.
    22 | D        | Found a broken altar of Ashenzari.
    27 | D        | Became a worshipper of Warmaster Okawaru
    97 | D        | Reached skill level 5 in Shields
    97 | D        | Reached XP level 2. HP: 25/25 MP: 2/2
   124 | D        | Reached XP level 3. HP: 3/31 MP: 3/3
   124 | D        | Slain by a jackal

Illustrated notes

Levels and vault maps discovered:
D:        pitsprint [storerooms_1, entrance_room_1, metal_vault_2, armoury_2,
          mini_pit_1, grid_room_1, main_hall_1, silver_pit, the_coven_1,
          the_vestibule_1, steel_vault_3, golden_pit, hallway_of_sentries,
          crystal_vault_2, iron_vault_3, final_vault]

Skill      XL: |  1 |
---------------+----+-----
Fighting       | 4 |  4.7
Armour         | 4 |  4.8
Shields        | 5 |  5.7
Axes           | |  2.7
Dodging        | |  0.1
Stealth        | |  0.3

Action                   || total
-------------------------++-------
Melee: War axe           ||    34
  Use: Potion            ||     3
 Stab: Invisible         ||     2
Armor: Scale mail        ||    10
Dodge: Dodged            ||    28
Block: Buckler           ||    15

Table legend: (Time is in decaauts)
 A = Elapsed time spent in this place.
 B = Non-inter-level travel time spent in this place.
 C = Inter-level travel time spent in this place.
 D = Time resting spent in this place.
 E = Time spent auto-exploring this place.
 F = Levels seen in this place.
 G = Mean time per level.
                   A        B        C        D        E       F      G
               +--------+--------+--------+--------+--------+-----+--------+
         Total |    137 |    137 |      0 |      8 |      0 |   1 |  137.0 |
       Dungeon |    137 |    137 |      0 |      8 |      0 |   1 |  137.0 |
               +--------+--------+--------+--------+--------+-----+--------+

Top non-repeatable levels by time:
       D: 137 daAuts
